 Dungeon Crawl Stone Soup version 0.28-a0-726-g4a9143789a (webtiles) character file.

Game seed: 3095100420703777175

0 meatgazer the Skirmisher (level 1, -3/18 HPs)
             Began as a Demonspawn Abyssal Knight on Oct 27, 2021.
             Was a Follower of Lugonu.
             Killed from afar by a starcursed mass (8 damage)
             ... with an accursed screaming
             ... on level 2 of the Abyss.
             The game lasted 00:00:29 (156 turns).

meatgazer the Skirmisher (Demonspawn Abyssal Knight) Turns: 156, Time: 00:00:29

Health: -3/18      AC:  3    Str: 13    XL:     1   Next: 0%
Magic:  2/2        EV: 11    Int: 11    God:    Lugonu [*.....]
Gold:   57         SH:  0    Dex: 13    Spells: 0/0 levels left

rFire   . . .      SeeInvis .   a - +1 falchion
rCold   . . .      Faith    .   (no shield)
rNeg    . . .      Spirit   .   b - +0 leather armour
rPois   .          Reflect  .   (no helmet)
rElec   .          Harm     .   (no cloak)
rCorr   .          Rampage  .   (no gloves)
Will    .....                   (no boots)
Stlth   +.........              (no amulet)
HPRegen 0.06/turn               (no ring)
MPRegen 0.08/turn               (no ring)

@: no status effects
A: no striking features
a: Renounce Religion, Depart the Abyss


You were on level 2 of the Abyss.
You worshipped Lugonu.
Lugonu was aware of your devotion.
You visited 0 branches of the dungeon, and saw 0 of its levels.
You visited the Abyss 1 time.

You collected 57 gold pieces.

Inventory:

Hand Weapons
 a - a +1 falchion (weapon)
Armour
 b - a +0 leather armour (worn)


   Skills:
 + Level 3.0 Fighting
 + Level 1.7 Long Blades
 + Level 1.7 Armour
 + Level 0.8 Dodging
 + Level 2.4 Invocations


You couldn't memorise any spells.
You didn't know any spells.
Your spell library was empty.

Dungeon Overview and Level Annotations

Branches:
Dungeon (0/15)

Altars:


Message History

Welcome, meatgazer the Demonspawn Abyssal Knight.
The heart of this dungeon contains the magnificent artefact, the Orb of Zot.
Lugonu says: Depart the Abyss and spread corruption, my servant! (use the ability menu to exit the Abyss) Press ? for a list of commands and other information.
Found a corrupted altar of Lugonu.
Found two portals.
Found a scroll labelled HOYTZE TUFILA.
There is a gateway leading deeper into the Abyss here.
Found a gateway leading out of the Abyss.
c - a scroll labelled HOYTZE TUFILA Unknown command.
There is a gateway leading deeper into the Abyss here.
You plunge deeper into the Abyss.
A raiju comes into view. x2
As you read the scroll labelled HOYTZE TUFILA, it crumbles to dust.
You feel strangely unstable.
You feel the power of the Abyss delaying your translocation!
It was a scroll of teleportation.
The raiju barks! x2; You hear a bark! x2
Found a hand axe.
You see here a +0 hand axe.
You are suddenly pulled into a different region of the Abyss!
You now have 57 gold pieces.
A spatial vortex comes into view.
A hellwing comes into view.
The hellwing gives a chilling moan.
A lurking horror comes into view.
The hellwing swoops through the air toward you!
The hellwing closely misses you. The hellwing hits you! The hellwing hits you.
The hellwing barely misses you.
A jelly comes into view.
Found a scimitar.
The jelly quivers.
Your body is wracked with pain!
* * * LOW HITPOINT WARNING * * *
A starcursed mass comes into view.
The starcursed mass shrieks in your mind.
You die...

#.. ... #
########.. ..#. .
#.# ##. . ##.
#...#.#.....
..### #### #..
##..#.#..##. # .
##.##...##. .. #.
#.#.#.#.### ..
#.#......#..#.# .
.............).#
...#..4..#.......
##.@.###..#.##
##.## #. .# ...
..#. ..... .#.#
....X.. .#
.#.....#.
.###...###. .#
##.## #.


You could see a starcursed mass and a hellwing.

Vanquished Creatures (others)
  A lurking horror (Abyss:2)
1 creature vanquished.

Notes
Turn   | Place    | Note
-------+----------+-------------------------------------------
     0 | Abyss:1  | meatgazer the Demonspawn Abyssal Knight began the quest for
                  | the Orb.
     0 | Abyss:1  | Reached XP level 1. HP: 18/18 MP: 2/2
    57 | Abyss:2  | Noticed a raiju
    57 | Abyss:2  | Noticed a raiju
   142 | Abyss:2  | Noticed a spatial vortex
   146 | Abyss:2  | Noticed a hellwing
   152 | Abyss:2  | Noticed a jelly
   156 | Abyss:2  | Noticed a starcursed mass
   156 | Abyss:2  | Killed from afar by a starcursed mass

Illustrated notes

Levels and vault maps discovered:
Abyss:2:  base: Temple, base: Temple, evilmike_abyss_exit_plants,
          evilmike_abyss_exit_10, serial_sigils_hangedman_quiver, minivault_13

Action                   || total
-------------------------++-------
  Use: Scroll            ||     1
Dodge: Dodged            ||     2

Table legend: (Time is in decaauts)
 A = Elapsed time spent in this place.
 B = Non-inter-level travel time spent in this place.
 C = Inter-level travel time spent in this place.
 D = Time resting spent in this place.
 E = Time spent auto-exploring this place.
 F = Levels seen in this place.
 G = Mean time per level.
                   A        B        C        D        E       F      G
               +--------+--------+--------+--------+--------+-----+--------+
         Total |    155 |    155 |      0 |      0 |    105 |   2 |   77.5 |
         Abyss |    155 |    155 |      0 |      0 |    105 |   2 |   77.5 |
               +--------+--------+--------+--------+--------+-----+--------+

Top non-repeatable levels by time:
 Abyss:2: 131 daAuts
 Abyss:1: 24 daAuts
